 Dungeon Crawl Stone Soup version 0.22-a0-567-gff9aefc (webtiles) character file.

31690 Amnesiac the Fetichist (level 13, -2/63 HPs)
             Began as a Spriggan Fighter on June 29, 2018.
             Was an Initiate of Gozag.
             Slain by an orc warrior
             ... wielding a +0 halberd
              (6 damage)
             ... on level 1 of the Orcish Mines.
             The game lasted 00:42:37 (17958 turns).

Amnesiac the Fetichist (Spriggan Fighter)          Turns: 17958, Time: 00:42:38

Health: -2/63      AC:  3    Str: 15 (16) XL:     13   Next: 27%
Magic:  27/27      EV: 27    Int: 10      God:    Gozag
Gold:   3875       SH: 11    Dex: 16      Spells: 21/30 levels left

rFire    . . .     SeeInvis +   a - +3 dagger (elec)
rCold    . . .     Gourm    .   c - +1 buckler
rNeg     . . .     Faith    .   v - +0 robe
rPois    .         Spirit   .   (helmet restricted)
rElec    .         Reflect  +   g - +0 cloak
rCorr    .         Harm     .   (gloves unavailable)
MR       ++...                  (boots unavailable)
Stlth    +++++.....             E - +2 amulet of reflection
HPRegen  0.20/turn              Q - ring of stealth
MPRegen  0.20/turn              N - +3 ring of slaying

@: gold aura, very quick
A: very small, unfitting armour, see invisible, herbivore, speed 3, slow
metabolism 2
a: Potion Petition, Call Merchant, Bribe Branch, Renounce Religion


You were on level 1 of the Orcish Mines.
You worshipped Gozag.
Gozag was most pleased with you.
You were not hungry.

You visited 2 branches of the dungeon, and saw 14 of its levels.

You collected 4096 gold pieces.
You paid 221 gold pieces to Gozag.

Inventory:

Hand Weapons
 a - a +3 dagger of electrocution (weapon)
 b - the +3 dagger of Xom's Pride {pierce, rElec MR+ Int+3 Stlth+}
   (You found it on level 12 of the Dungeon)

   It inflicts extra damage upon your enemies.
   It affects your intelligence (+3).
   It insulates you from electricity.
   It affects your resistance to hostile enchantments.
   It makes you more stealthy.
 d - a +1 hunting sling of freezing
 w - a +0 demon blade of flaming
Missiles
 k - 221 stones (quivered)
 l - 132 sling bullets
Armour
 c - a +1 buckler (worn)
 g - a +0 cloak (worn)
 v - a +0 robe (worn)
Jewellery
 i - an uncursed amulet of harm
 B - the amulet of Juzonyt {+Rage rPois MR++ Dex-4 SInv}
   (You found it on level 7 of the Dungeon)

   [amulet of rage]

   It affects your dexterity (-4).
   It protects you from poison.
   It affects your resistance to hostile enchantments.
   It lets you see invisible.
   It lets you go berserk.
 E - a +2 amulet of reflection (around neck)
 G - an uncursed ring of protection from magic
 M - a +5 ring of strength
 N - a +3 ring of slaying (right hand)
 O - the ring "Cazaob" {Fire +Fly MR++ MP+9 Dex-3}
   (You found it on level 8 of the Dungeon)

   [ring of fire]

   It enhances your fire magic.
   It affects your dexterity (-3).
   It protects you from fire.
   It makes you vulnerable to cold.
   It affects your resistance to hostile enchantments.
   It affects your magic capacity (+9).
   It lets you fly.
 Q - a ring of stealth (left hand)
Wands
 u - a wand of acid (6)
 D - a wand of disintegration (6)
 F - a wand of iceblast (5)
 L - a wand of random effects (26)
Scrolls
 h - a scroll of enchant weapon {!r}
 j - 7 scrolls of remove curse {!r}
 n - a scroll of holy word {!r, unknown}
 o - 2 scrolls of enchant armour {!r}
 y - a scroll of fog {!r}
 A - 3 scrolls of amnesia {!r}
 C - a scroll of blinking {!r}
 H - a scroll of immolation {!r}
 I - 3 scrolls of teleportation {!r}
 S - 2 scrolls of magic mapping {!r}
Potions
 e - a potion of berserk rage {!q, unknown}
 m - 6 potions of flight {!q}
 p - a potion of cancellation {!q}
 q - a potion of degeneration {!q}
 r - a potion of agility {!q}
 s - a potion of resistance {!q}
 x - a potion of might {!q}
 z - 5 potions of haste {!q}
 P - 3 potions of brilliance {!q}
Comestibles
 f - 18 rations


   Skills:
 - Level 5.1 Fighting
 - Level 10.2 Short Blades
 - Level 11.1 Dodging
 - Level 8.0 Stealth
 - Level 7.4 Shields
 - Level 9.0 Spellcasting
 - Level 1.0 Conjurations
 * Level 17.0 Evocations


You had 21 spell levels left.
You knew the following spells:

 Your Spells              Type           Power        Failure   Level  Hunger
a - Dazzling Spray        Conj/Hex       #.....       36%         3    ##.....
b - Passwall              Tmut/Erth      #.......     22%         2    #......
e - Petrify               Tmut/Erth      #.......     83%         4    ####...

Your spell library contained the following spells:

 Spells                   Type           Power        Failure   Level  Hunger
 Magic Dart               Conj           #...         10%         1    None
 Fireball                 Conj/Fire      #.........   98%         5    ######.
 Bolt of Fire             Conj/Fire      #.........   100%        6    #######
 Bolt of Magma            Conj/Fire/Erth #.........   98%         5    ######.
 Ring of Flames           Chrm/Fire      #.........   100%        7    #######
 Venom Bolt               Conj/Pois      #.........   98%         5    ######.
 Iskenderun's Mystic Bla  Conj           #.......     69%         4    ####...
 Iron Shot                Conj/Erth      #.........   100%        6    #######
 Stone Arrow              Conj/Erth      #.....       36%         3    ##.....
 Ignite Poison            Fire/Tmut/Pois #.......     41%         3    ##.....
 Lee's Rapid Deconstruct  Erth           #.........   99%         5    ######.
 Sandblast                Erth           #.....       16%         1    None
 Orb of Destruction       Conj           #.........   100%        7    #######
 Iskenderun's Battlesphe  Conj/Chrm      #.......     98%         5    ######.
 Fulminant Prism          Conj/Hex       #.........   77%         4    ####...
 Force Lance              Conj/Tloc      #.......     77%         4    ####...
 Searing Ray              Conj           #.....       16%         2    #......
 Spellforged Servitor     Conj/Summ      #.........   100%        7    #######
 Ignition                 Fire           #.........   100%        8    #######


Dungeon Overview and Level Annotations

Branches:
Dungeon (12/15)            Temple (0/1) D:6            Lair (0/6) D:10
    Orc (2/2) D:11            Elf (0/3) Orc:2

Altars:
Ashenzari
Cheibriados
Dithmenos
Elyvilon
Gozag
Qazlal
Ru
Sif Muna
Trog
Uskayaw
Vehumet
Xom
Beogh

Shops:
D:6 :   D:10 [   Orc:2 ([:=


Innate Abilities, Weirdness & Mutations

You are very small and have problems with some larger weapons.
You are too small for most types of armour.
You have supernaturally acute eyesight. (SInv)
You are a herbivore.
You cover ground extremely quickly.
You need to consume almost no food.


Message History

You block the orc's attack.
You hit the orc.
You kill the orc!
You closely miss the orc warrior.
You hit the orc warrior but do no damage.
Lightning courses through the orc warrior!
The orc warrior is moderately wounded.
You block the orc's attack. The orc warrior closely misses you.
You hit the orc warrior.
Lightning courses through the orc warrior!
The orc warrior is almost dead.
The orc warrior barely misses you.
You hit the orc warrior but do no damage.
Lightning courses through the orc warrior!
You kill the orc warrior!
The orc completely misses you.
You hit the orc warrior but do no damage.
The orc warrior hits you with a dire flail!!
You hit the orc warrior.
Lightning courses through the orc warrior!
The orc warrior is severely wounded.
The orc hits you.
The orc warrior is distracted by the nearby gold.
The orc warrior shouts!
You hit the orc warrior but do no damage.
Lightning courses through the orc warrior!
You kill the orc warrior!
Your Evocations skill increases to level 17!
You block the orc's attack.
You hit the orc.
The orc is severely wounded.
You hit the orc.
You kill the orc!
The orc warrior is no longer distracted by gold.
The orc shouts!
You hit the orc warrior.
The orc warrior is lightly wounded.
The orc warrior barely misses you.
You hit the orc warrior.
The orc warrior is lightly wounded.
You hit the orc warrior.
Lightning courses through the orc warrior!
The orc warrior is severely wounded.
The orc warrior hits you with a halberd!
* * * LOW HITPOINT WARNING * * *
You hit the orc warrior but do no damage.
The orc warrior is severely wounded.
You hit the orc warrior but do no damage.
The orc warrior is severely wounded.
You hit the orc warrior.
The orc warrior is almost dead.
The orc warrior hits you with a halberd!!
* * * LOW HITPOINT WARNING * * *
You block the orc's attack.
You are too injured to fight recklessly!
You are too injured to fight recklessly!
Okay, then.
Unknown command.
There is a stone staircase leading down here.
Items here: $ ( ) [ 4 gold pieces; a short sword; a plate armour; a tomahawk The orc warrior hits you from afar with a halberd.
You die...
Your body crumbles into a pile of gold.

##........####..)...o
##....(......#...$..#.
####................#####
##$.................## #
#.........$.......###
#.$#..........#...#
......##.oo...##..##
#.#..........©..#
##...$@o##########
#....$.#############
#....(.###.....o§Oo##
$.........##...#####o..#
#........###.o..#.#....#
##$.....#. #.#.[o.oo.#o#
##......# #.##$8.8o##.#
##..#.# #©#..C_$o.#.#
#.#.. #.##.8[8.##.#


You could see an orc warrior and 2 orcs.

Vanquished Creatures
  Josephine (D:10)
  2 hydras
  The ghost of Conn321 the Thaumaturge, a journeyman OpFE of Vehumet (D:9)
  Erica (D:9)
  4 two-headed ogres
  4 orc high priests (Orc:2)
  6 hell knights (D:10)
  The ghost of Ijustatesigmund the Cleaver, a novice HOFi of the Shining One (D:8)
  Pikel (D:4)
  An orc knight (D:11)
  A necromancer (D:10)
  3 orc sorcerers
  Joseph (D:7)
  A centaur zombie (D:8)
  A troll (Orc:2)
  A hornet (D:10)
  2 dream sheep (D:8)
  2 shadows
  5 hippogriffs
  10 wraiths
  2 centaur simulacra (D:12)
  11 yaks
  A wyvern (D:10)
  2 chaos spawn (D:8)
  3 hungry ghosts
  6 wargs
  7 hell hounds (D:10)
  5 ice beasts
  Duvessa (D:4)
  A black bear (D:7)
  23 orc warriors
  4 slaves
  2 sky beasts
  A necrophage (D:8)
  2 phantoms (D:8)
  8 ogres
  2 centaurs
  3 big kobolds (D:8)
  Blork the orc (D:5)
  A gnoll sergeant (Orc:2)
  8 bullfrogs
  A scorpion (D:5)
  A wyvern skeleton (D:8)
  Dowan (D:5)
  5 killer bees (D:9)
  5 wights (D:6)
  A howler monkey (D:5)
  An electric eel (D:12)
  2 crimson imps (D:9)
  2 bullfrog zombies (D:11)
  2 hounds
  2 lava snakes (D:9)
  2 jellies
  26 orc priests
  2 centaur skeletons
  A bullfrog skeleton (D:11)
  Crazy Yiuf (D:7)
  31 orc wizards
  Ijyb (D:5)
  3 iguanas
  6 worker ants
  Terence (D:1)
  8 ogre zombies (D:11)
  A bullfrog simulacrum (D:8)
  A hound skeleton (D:5)
  12 gnolls
  4 adders
  3 shadow imps
  4 white imps (D:8)
  A worker ant simulacrum (D:8)
  2 worms
  A dart slug (D:1)
  4 leopard geckos
  72 orcs
  2 ball pythons
  8 giant cockroaches
  7 goblins
  6 hobgoblins
  5 jackals (D:9)
  8 quokkas
  4 bats
  A frilled lizard (D:3)
  2 goblin skeletons (D:11)
  4 goblin zombies (D:11)
  A hobgoblin skeleton (D:11)
  3 hobgoblin zombies (D:11)
  A jackal zombie (D:7)
  4 kobolds
  2 orc skeletons (D:11)
  13 orc zombies (D:11)
  A quokka skeleton (D:8)
  4 rats
429 creatures vanquished.

Vanquished Creatures (others)
  A hound (D:5)
  An orc (Orc:2)
  8 plants (D:10)
10 creatures vanquished.

Grand Total: 439 creatures vanquished

Notes
Turn   | Place    | Note
-------+----------+-------------------------------------------
     0 | D:1      | Amnesiac the Spriggan Fighter began the quest for the Orb.
     0 | D:1      | Reached XP level 1. HP: 11/11 MP: 2/2
   151 | D:1      | Reached XP level 2. HP: 11/16 MP: 3/3
   326 | D:2      | Reached XP level 3. HP: 11/19 MP: 4/4
   551 | D:2      | Found a deep blue altar of Sif Muna.
   551 | D:2      | Found a shadowy altar of Dithmenos.
   574 | D:2      | Noticed Terence
   763 | D:2      | Found a stormy altar of Qazlal.
   824 | D:2      | Found a shattered altar of Ashenzari.
   826 | D:2      | Found a shimmering altar of Xom.
   911 | D:3      | Found a hide-covered altar of Uskayaw.
   958 | D:3      | Reached XP level 4. HP: 23/23 MP: 5/5
  1186 | D:4      | Found an opulent altar of Gozag.
  1206 | D:4      | Became a worshipper of Gozag Ym Sagoz the Greedy
  1506 | D:1      | Killed Terence
  2125 | D:2      | Reached XP level 5. HP: 27/27 MP: 6/6
  2659 | D:3      | Found a radiant altar of Vehumet.
  3283 | D:5      | Entered Level 5 of the Dungeon
  3287 | D:5      | Noticed a slave
  3353 | D:5      | Noticed a slave
  3372 | D:5      | Killed a slave
  3442 | D:5      | Noticed a slave
  3447 | D:5      | Noticed Pikel
  3458 | D:5      | Killed a slave
  3460 | D:5      | Noticed a slave
  3487 | D:4      | Killed Pikel
  3487 | D:4      | Reached XP level 6. HP: 21/32 MP: 7/7
  3487 | D:4      | Reached XP level 7. HP: 23/35 MP: 8/8
  3622 | D:5      | Noticed Blork the orc
  3874 | D:5      | Killed Blork the orc
  4387 | D:5      | Found a sacrificial altar of Ru.
  4388 | D:5      | Noticed Ijyb
  4491 | D:5      | Killed Ijyb
  4491 | D:5      | Reached XP level 8. HP: 25/39 MP: 9/9
  4690 | D:5      | Noticed Dowan
  4696 | D:5      | Killed Dowan
  4886 | D:5      | Noticed Duvessa
  4976 | D:4      | Killed Duvessa
  5351 | D:6      | Found a staircase to the Ecumenical Temple.
  5384 | D:6      | Found Adoxoipu's Book Emporium.
  5780 | D:6      | Found a sacrificial altar of Ru.
  6355 | D:7      | Reached skill level 5 in Fighting
  6355 | D:7      | Reached skill level 1 in Evocations
  6438 | D:7      | Reached skill level 2 in Evocations
  6648 | D:7      | Reached skill level 3 in Evocations
  6656 | D:7      | Reached XP level 9. HP: 47/47 MP: 12/12
  6848 | D:7      | Reached skill level 4 in Evocations
  6942 | D:7      | Noticed Joseph
  6960 | D:6      | Learned a level 3 spell: Dazzling Spray
  7096 | D:7      | Killed Joseph
  7096 | D:7      | Reached skill level 6 in Evocations
  7222 | D:7      | Got a bound bronze amulet
  7224 | D:7      | Identified the amulet of Juzonyt {+Rage rPois MR++ Dex-4 SInv} (You found it on level 7 of the Dungeon)
  7291 | D:7      | Reached skill level 7 in Evocations
  7311 | D:7      | Reached skill level 8 in Evocations
  7835 | D:7      | Reached skill level 9 in Evocations
  8143 | D:7      | Found a snail-covered altar of Cheibriados.
  8261 | D:7      | Found a runed door.
  8265 | D:7      | Noticed Crazy Yiuf
  8269 | D:7      | Killed Crazy Yiuf
  8269 | D:7      | Reached skill level 10 in Evocations
  8455 | D:8      | Reached XP level 10. HP: 34/51 MP: 18/18
  8563 | D:8      | Noticed a three-headed hydra
  8568 | D:8      | Killed a three-headed hydra
  8568 | D:8      | Reached skill level 10 in Short Blades
  8645 | D:8      | Noticed Ijustatesigmund's ghost (novice HOFi)
  8945 | D:8      | Found the -1 mace of Variability {chaos}
  8946 | D:8      | Found a shimmering altar of Xom.
  8993 | D:8      | Reached skill level 11 in Evocations
  9140 | D:8      | Reached skill level 12 in Evocations
  9163 | D:8      | Found a runed gate.
  9163 | D:8      | Found a runed gate.
  9163 | D:8      | Found a runed gate.
  9686 | D:8      | Killed Ijustatesigmund's ghost
  9686 | D:8      | Reached skill level 10 in Dodging
  9869 | D:8      | Got the ring "Cazaob" {Fire}
  9888 | D:8      | Identified the ring "Cazaob" {Fire +Fly MR++ MP+9 Dex-3} (You found it on level 8 of the Dungeon)
 10089 | D:9      | Noticed a two-headed ogre
 10096 | D:9      | Killed a two-headed ogre
 10096 | D:9      | Reached XP level 11. HP: 55/55 MP: 21/21
 10108 | D:9      | Found a white marble altar of Elyvilon.
 10316 | D:9      | Noticed Erica
 10350 | D:9      | Killed Erica
 10623 | D:9      | Found a runed gate.
 10627 | D:9      | Found a runed gate.
 10627 | D:9      | Found a runed gate.
 10714 | D:9      | Noticed a two-headed ogre
 10721 | D:9      | Killed a two-headed ogre
 10721 | D:9      | Reached skill level 5 in Shields
 10987 | D:9      | Found a bloodstained altar of Trog.
 11106 | D:9      | Noticed Conn321's ghost (journeyman OpFE)
 11192 | D:9      | Killed Conn321's ghost
 11652 | D:10     | Entered Level 10 of the Dungeon
 11714 | D:10     | Noticed Josephine
 11995 | D:10     | Noticed a hell knight
 12000 | D:10     | Killed a hell knight
 12007 | D:10     | Noticed a hell knight
 12008 | D:10     | Noticed a necromancer
 12011 | D:10     | Killed a necromancer
 12012 | D:10     | Noticed a hell knight
 12013 | D:10     | Killed a hell knight
 12013 | D:10     | Killed a hell knight
 12013 | D:10     | Reached skill level 13 in Evocations
 12035 | D:10     | Noticed a hell knight
 12044 | D:10     | Noticed a hell knight
 12048 | D:10     | Killed a hell knight
 12048 | D:10     | Reached XP level 12. HP: 20/60 MP: 23/23
 12284 | D:10     | Reached skill level 14 in Evocations
 12473 | D:10     | Found Arigaewn's Armour Emporium.
 12519 | D:10     | Found a staircase to the Lair.
 12839 | D:10     | Reached skill level 1 in Spellcasting
 13082 | D:10     | Killed Josephine
 13087 | D:10     | Reached skill level 5 in Spellcasting
 13191 | D:10     | Learned a level 2 spell: Passwall
 13196 | D:10     | Learned a level 4 spell: Petrify
 13224 | D:10     | Noticed an eight-headed hydra
 13227 | D:10     | Killed an eight-headed hydra
 13551 | D:11     | Found a staircase to the Orcish Mines.
 14131 | D:11     | Noticed a two-headed ogre
 14160 | D:11     | Killed a two-headed ogre
 14580 | Orc:1    | Entered Level 1 of the Orcish Mines
 14580 | Orc:1    | Found a roughly hewn altar of Beogh.
 14964 | D:12     | Got a faintly glowing dagger
 14965 | D:12     | Identified the +3 dagger of Xom's Pride {pierce, rElec MR+ Int+3 Stlth+} (You found it on level 12 of the Dungeon)
 14997 | D:12     | Reached skill level 1 in Conjurations
 15261 | Orc:1    | Found a transporter.
 15280 | Orc:1    | Found the +7 Kryia's mail coat {PotionHeal*2 rC+}
 15549 | Orc:1    | Noticed a two-headed ogre
 15549 | Orc:1    | Found a roughly hewn altar of Beogh.
 15550 | Orc:1    | Noticed a stone giant
 15550 | Orc:1    | Noticed an orc warlord
 15560 | Orc:1    | Reached skill level 15 in Evocations
 15596 | Orc:1    | HP: 3/60 [orc warrior/dire flail (18)]
 15605 | Orc:1    | Found a transporter.
 15845 | Orc:2    | Entered Level 2 of the Orcish Mines
 16561 | Orc:2    | Noticed a two-headed ogre
 16581 | Orc:2    | Killed a two-headed ogre
 16845 | Orc:2    | Found a staircase to the Elven Halls.
 16988 | Orc:2    | Noticed an orc high priest
 17007 | Orc:2    | Noticed an orc high priest
 17010 | Orc:2    | Reached XP level 13. HP: 34/63 MP: 27/27
 17015 | Orc:2    | Reached skill level 16 in Evocations
 17044 | Orc:2    | HP: 3/63 [orc wizard/magic dart (4)]
 17471 | Orc:2    | Found Ogakuf's Armour Shop.
 17471 | Orc:2    | Found Kickapso's Weapon Shop.
 17471 | Orc:2    | Found Bopo's Book Boutique.
 17474 | Orc:2    | Found Mouloeru's Jewellery Boutique.
 17945 | Orc:1    | Reached skill level 17 in Evocations
 17956 | Orc:1    | HP: 3/63 [orc warrior/halberd (23)]
 17958 | Orc:1    | Slain by an orc warrior

Vault maps used:
D:1:      minmay_arrival_four_houses
D:2:      old_standard_altar, nicolae_overflow_hidden_temple, uniq_terence
D:3:      nicolae_overflow_crystal_walls, vehumet_crystals, first_ration
D:4:      lemuel_crystal_altar, kennysheep_minor_cross
D:5:      nicolae_ru_sacrificial_ziggurat, uniq_pikel, uniq_blork_the_orc,
          uniq_ijyb, uniq_duvessa
D:6:      kennysheep_mini_moat, minmay_temple_entry_enclosed_plants,
          serial_shops, shop
D:7:      lemuel_round_altar, uniq_crazy_yiuf_cottage, uniq_joseph
D:8:      gammafunk_ghost_icy, hangedman_ranch,
          minmay_guarded_unrand_variability
D:9:      kennysheep_little_box, kennysheep_mini, serial_glass, glass_columns_c,
          glass_columns_b, gammafunk_ghost_spectres, disabler_island, uniq_erica
D:10:     erik_lair_orcish_takeover, serial_shops, shop, serial_bayou_pond_c,
          minmay_rotating_lava, uniq_josephine
D:11:     zombieorc2_lemuel
D:12:     serial_ice, serial_ice_k, serial_ice_a, serial_ice_e, serial_ice_g,
          serial_ice_o, serial_ice_c, serial_ice_f
Orc:1:    gammafunk_beogh_shrine, basic_altar
Orc:2:    st_orc_mages

Skill      XL: |  1  2  3  4  5  6  7  8  9 10 11 12 13 |
---------------+----------------------------------------+-----
Stealth        | 3 4 6 7 8 |  8.0
Short Blades   | 3 4 6 7 8 10 | 10.2
Dodging        | 6 7 8 11 | 11.1
Fighting       | 5 |  5.1
Evocations     | 3 10 12 13 15 17 | 17.0
Shields        | 3 7 |  7.4
Spellcasting   | 9 |  9.0
Conjurations   | 1 |  1.0

Action                   |  1- 3 |  4- 6 |  7- 9 | 10-12 | 13-15 || total
-------------------------+-------+-------+-------+-------+-------++-------
Melee: Rapier            |    66 |   124 |       |       |       ||   190
       Dagger            |       |       |    61 |  1066 |   116 ||  1243
       Demon blade       |       |       |       |     1 |       ||     1
 Fire: Hunting sling     |       |    27 |   465 |       |       ||   492
Throw: Stone             |       |       |       |     1 |       ||     1
 Cast: Passwall          |       |       |       |     1 |       ||     1
Invok: Potion Petition   |       |       |       |     1 |     1 ||     2
 Abil: Evoke Flight      |       |       |       |     5 |       ||     5
Evoke: Wand              |       |       |     3 |     9 |    22 ||    34
  Use: Scroll            |       |     9 |       |    11 |     1 ||    21
       Potion            |       |     1 |     5 |    10 |     3 ||    19
 Stab: Sleeping          |     4 |     6 |     3 |    31 |       ||    44
       Distracted        |       |       |     1 |     7 |       ||     8
       Invisible         |       |       |       |     3 |       ||     3
  Eat: Ration            |       |       |     3 |     6 |       ||     9
Armor: Robe              |     1 |     6 |     8 |    17 |     1 ||    33
       Skin              |       |       |    17 |       |       ||    17
Dodge: Dodged            |    35 |    74 |   135 |   305 |    48 ||   597
Block: Buckler           |    20 |    33 |    88 |   205 |    31 ||   377
       Reflection        |       |       |     3 |     4 |     2 ||     9

Table legend:
 A = Spawn XP
 B = Non-spawn XP
 C = Spawn XP percentage of total XP
 D = Spawn monster count
 E = Non-spawn monster count
 F = Spawn count percentage of total count
 G = Total turns spent on level
                    A         B        C        D         E        F      G
               +---------+---------+-------+---------+---------+-------+---------
         Total |       0 |   45272 |   0.0 |       0 |     427 |   0.0 | 17958
               +---------+---------+-------+---------+---------+-------+---------
           D:1 |       0 |      87 |   0.0 |       0 |      17 |   0.0 |  1260
           D:2 |       0 |      72 |   0.0 |       0 |      18 |   0.0 |   750
           D:3 |       0 |     110 |   0.0 |       0 |      17 |   0.0 |   797
           D:4 |       0 |     788 |   0.0 |       0 |       4 |   0.0 |   939
           D:5 |       0 |     806 |   0.0 |       0 |      22 |   0.0 |  1495
           D:6 |       0 |     677 |   0.0 |       0 |      19 |   0.0 |  1138
           D:7 |       0 |    2184 |   0.0 |       0 |      32 |   0.0 |  1958
           D:8 |       0 |    5590 |   0.0 |       0 |      34 |   0.0 |  1721
           D:9 |       0 |    6987 |   0.0 |       0 |      40 |   0.0 |  1642
          D:10 |       0 |   11616 |   0.0 |       0 |      52 |   0.0 |  1851
          D:11 |       0 |    4293 |   0.0 |       0 |      57 |   0.0 |  1651
          D:12 |       0 |     818 |   0.0 |       0 |       5 |   0.0 |    88
         Orc:1 |       0 |    2842 |   0.0 |       0 |      38 |   0.0 |  1208
         Orc:2 |       0 |    8402 |   0.0 |       0 |      72 |   0.0 |  1460
               +---------+---------+-------+---------+---------+-------+---------
